Unix NetHack Version 5.0.0-0 post-release - last build May 10 2026 23:12:36 (d1fa5d53e341ca933230fdaa984d921c805b60aa,branch:main).

Game began 2026-05-14 23:00:42, ended 2026-05-14 23:25:11.

DaveT, lawful male human Priest

                                                                         -----
             .--                                                         |...--
             .<.                                                        --....|
             ...                                                       --..|..|
                                                                       |...|-.|
                                                                       |.----.|
                                                       |`         ------.||...|
                                                      .|.-       --......|-.---
                                                      `%o.       |....---|..--
                                                       |o---------.....| |...--
                                                       |@--............----...|
                                                       |....------..--..| |..--
                                                       |.----    ----|..------
                                                     | |.|         ---...|
                     | ------------- ------- ---------.|.|         |...>.|
                     |........%........................#.|         |.....|
                     ----------- ------------ ----------.|         ----.-
                                                      ...|             -

DaveT the Adept              St:25 Dx:13 Co:15 In:10 Wi:18 Ch:9  Lawful
Dlvl:6  $:0  HP:0(43) Pw:84(89) AC:3  Xp:7 T:5069  Burdened

Latest messages:
 You now wield a pick-axe.
 In what direction do you want to dig? [hyunb>] h
 You start digging.
 You hit the rock with all your might.
 You make an opening in the wall.
 It is missed.
 It is missed.
 A crude dagger misses you.
 You begin bashing monsters with your pick-axe.
 You hit Akhogzu of Azaigor!
 Akhogzu of Azaigor thrusts his crude short sword.
 Akhogzu of Azaigor misses!
 You hit Akhogzu of Azaigor!
 Akhogzu of Azaigor turns to flee.
 You hit Auna of Azaigor!
 Auna of Azaigor thrusts her crude short sword.
 Auna of Azaigor misses!
 You miss Auna of Azaigor.
 Auna of Azaigor thrusts her crude short sword.
 Auna of Azaigor hits!
 You hit Auna of Azaigor!
 Auna of Azaigor thrusts her crude short sword.
 Auna of Azaigor hits!
 You miss Auna of Azaigor.
 The crude dagger misses Auna of Azaigor.
 A crude dagger misses you.
 You kill Auna of Azaigor!
 The orc-captain picks up a cursed iron skull cap.
 You kill Akhogzu of Azaigor!
 The orc-captain picks up 2 crude daggers.
 You hit the orc-captain!
 The orc-captain swings his curved sword.
 The orc-captain hits!
 The orc-captain swings his curved sword.
 The orc-captain hits again!
 You hit the orc-captain!
 Akhuun of Azaigor throws a knife!
 The knife hits the orc-captain.
 In what direction? .
 You feel better.
 The orc-captain swings his curved sword.
 The orc-captain hits!
 The orc-captain swings his curved sword.
 The orc-captain hits again!
 You hit the orc-captain!
 The orc-captain swings his curved sword.
 The orc-captain hits!
 You die...
 Do you want your possessions identified? [ynq] (y) y
 Do you want to see your attributes? [ynq] (y) q

Inventory:
 Weapons  (')')
  O - 8 blessed +2 darts
  r - 4 +0 shuriken (at the ready)
  t - 4 +0 orcish daggers
  a - a blessed +1 mace
 Armor    ('[')
  u - a +0 orcish helm (being worn)
  w - a cursed rusty -1 pair of gauntlets of power (being worn)
  c - a +0 small shield (being worn)
  b - a +0 robe (being worn)
  C - a blessed +1 studded leather armor (being worn)
 Comestibles  ('%')
  e - 2 cloves of garlic
  Q - 2 food rations
  f - a sprig of wolfsbane
  L - a lizard corpse
 Potions  ('!')
  y - 2 potions of healing
 Wands    ('/')
  T - a wand of fire (0:4)
  R - a wand of probing (0:4)
  n - a wand of stasis (0:4)
 Tools    ('(')
  V - a sack containing 17 items
  A - a +0 pick-axe (weapon in right hand)

Contents of the sack:
  27 gold pieces
  24 +0 darts
  a +0 mummy wrapping
  a scroll of confuse monster
  2 scrolls of enchant armor
  a cursed scroll of enchant armor
  a spellbook of detect treasure
  a spellbook of healing
  a spellbook of light
  a spellbook of protection
  a potion of blindness
  a cursed potion of monster detection
  a potion of sleeping
  4 potions of holy water
  a tin whistle
  a worthless piece of orange glass
  a worthless piece of violet glass

DaveT the Priest's attributes:

Background:
 You were an Adept, a level 7 human Priest.
 You were lawful, nominally on a mission for Ptah
 who was opposed by Thoth (neutral) and Anhur (chaotic).
 You were right-handed.
 You were in the Gnomish Mines, on level 6.
 You entered the dungeon 5069 turns ago.
 It was nighttime.
 You had 957 experience points, 323 more were needed to attain level 8.

Basics:
 You had 0 out of 43 hit points.
 You had 84 out of 89 energy points (spell power).
 Your armor class was 3.
 Your wallet was empty, but
 you had 27 zorkmids stashed away in your pack.
 Autopickup was off.

Final Characteristics:
 Your strength was 25 (base:17, innate limit:18/100).
 Your dexterity was 13 (limit:18).
 Your constitution was 15 (limit:18).
 Your intelligence was 10 (limit:18).
 Your wisdom was 18 (limit:18).
 Your charisma was 9 (limit:18).

Final Status:
 You weren't hungry.
 You were burdened; movement was slightly slowed.
 You were wielding a pick-axe.
 You had no skill with pick-axe.

Final Attributes:
 You were piously aligned.
 You were telepathic.
 You were guarded.
 Your spell casting was enhanced by wearing a robe.
 You are dead.

Miscellaneous:
 You didn't encounter any bones levels.
 Total elapsed playing time was 24 minutes and 28 seconds.

Major events:
 Turn
    1: DaveT the lawful human Priest entered the dungeon
  397: entered the Gnomish Mines
  653: attained the rank of Acolyte (level 3)
 2527: attained the rank of Adept (level 6)
 4811: reached Mine Town
 5069: killed by an orc-captain

Spells:
 Name                 Level Category     Fail Retention
 protection             1   clerical       0%   71%-80%
 healing                1   healing        0%   51%-75%

Skills:
 Fighting Skills
   bare handed combat [Unskilled]
 Weapon Skills
   club               [Unskilled]
   mace               [Basic]
   morning star       [Unskilled]
   flail              [Unskilled]
   hammer             [Unskilled]
   quarterstaff       [Unskilled]
   polearms           [Unskilled]
   spear              [Unskilled]
   trident            [Unskilled]
   lance              [Unskilled]
   bow                [Unskilled]
   sling              [Unskilled]
   crossbow           [Unskilled]
   dart               [Unskilled]
   shuriken           [Unskilled]
   boomerang          [Unskilled]
   unicorn horn       [Unskilled]
 Spellcasting Skills
   healing spells     [Unskilled]
   divination spells  [Unskilled]
   clerical spells    [Basic]

Voluntary challenges:
 Character rerolling was not enabled.
 You were an atheist.
 You never genocided any monsters.
 You never polymorphed an object.
 You never changed form.
 You used no wishes.
Achievements:
 You entered the Gnomish Mines.
 You attained the rank of Acolyte.
 You entered a shop.
 You attained the rank of Adept.
 You entered Minetown.

 The Dungeons of Doom: levels 1 to 7
    Level 1:
       A fountain.
    Level 2:
       A fountain.
       Stairs down to The Gnomish Mines.
    Level 3:
       A potion shop.
    Level 4:
       A fountain.
    Level 5:
       Some fountains.
    Level 6:
       Some fountains.
    Level 7:
 The Gnomish Mines: levels 3 to 7
    Level 3:
    Level 4:
    Level 5:
    Level 6: <- You were here.
       Final resting place for
          you, killed by an orc-captain.
    Level 7:


Vanquished creatures:
  a lizard
  2 dingoes
  a gnome mummy
  2 Uruk-hai
  2 orc shamans
  a rock mole
  a pony
  a yellow light
  2 shriekers
  6 gnome leaders
 an elf zombie
  a ghoul
  2 straw golems
  2 giant ants
  a little dog
  3 floating eyes
  a dwarf
  a homunculus
  a kobold leader
  9 hill orcs
  2 rothes
  a rabid rat
  a centipede
  a giant bat
  4 orc zombies
  2 dwarf zombies
  a werejackal
  2 iguanas
  2 gas spores
  a large kobold
  a hobgoblin
  a yellow mold
 22 gnomes
  8 garter snakes
  2 gnome zombies
  7 geckos
  3 jackals
  2 foxes
  3 kobolds
  a sewer rat
  5 grid bugs
  4 bats
  4 lichens
  3 kobold zombies
 10 newts
134 creatures vanquished.

No species were genocided or became extinct.

Game over:
                       ----------
                      /          \
                     /    REST    \
                    /      IN      \
                   /     PEACE      \
                  /                  \
                  |      DaveT       |
                  |      27 Au       |
                  |   killed by an   |
                  |   orc-captain    |
                  |                  |
                  |                  |
                  |       2026       |
                 *|     *  *  *      | *
        _________)/\\_//(\/(/\)/\//\/|_)_______

Goodbye DaveT the Priest...

You died in The Gnomish Mines on dungeon level 6 with 4193 points,
and 27 pieces of gold, after 5069 moves.
You were level 7 with a maximum of 43 hit points when you died.

